 Dungeon Crawl Stone Soup version 0.28-a0-750-g7c675f85b1 (webtiles) character file.

Game seed: 15541752288166591877

55 AttackTheMoon the Grave Robber (level 3, -1/27 HPs)
             Began as a Mummy Necromancer on Oct 29, 2021.
             Slain by a worm (4 damage)
             ... on level 2 of the Dungeon.
             The game lasted 00:02:46 (2533 turns).

AttackTheMoon the Grave Robber (Mummy Necromancer)  Turns: 2533, Time: 00:02:46

Health: -1/27      AC:  4    Str: 11    XL:     3   Next: 67%
Magic:  8/8        EV: 12    Int: 15    God:
Gold:   39         SH:  0    Dex: 12    Spells: 5/9 levels left

rFire   x . .      SeeInvis .   f - +0 club
rCold   + . .      Faith    .   (no shield)
rNeg    + + +      Spirit   .   a - +0 robe
rPois   ∞          Reflect  .   (no helmet)
rElec   .          Harm     .   c - +1 cloak
rCorr   .          Rampage  .   (no gloves)
Will    .....                   (no boots)
Stlth   ++........              h - amulet of the acrobat
HPRegen 0.09/turn               (no ring)
MPRegen 0.11/turn               (no ring)

@: no status effects
A: cold resistance 1, negative energy resistance 3, torment resistance 2, heat
vulnerability 1, no potions
a: no special abilities


You were on level 2 of the Dungeon.
You visited 1 branch of the dungeon, and saw 2 of its levels.

You collected 39 gold pieces.

Inventory:

Hand Weapons
 f - a +0 club (weapon)
Armour
 a - a +0 robe (worn)
 c - a +1 cloak (worn)
Jewellery
 h - an amulet of the acrobat (around neck)
Scrolls
 b - a scroll of vulnerability
 d - a scroll of teleportation
 e - a scroll of noise
 g - 2 scrolls of identify


   Skills:
 + Level 1.7 Fighting
 - Level 1.5 Dodging
 - Level 1.5 Stealth
 + Level 3.7 Spellcasting
 + Level 4.4 Necromancy


You had 5 spell levels left.
You knew the following spells:

 Your Spells              Type           Power      Damage    Failure   Level
a - Pain                  Necr           64%        1d7       3%          1
b - Vampiric Draining     Necr           8%         2d7       9%          3

Your spell library contained the following spells:

 Spells                   Type           Power      Damage    Failure   Level
 Animate Skeleton         Necr           32%        N/A       3%          1
 Animate Dead             Necr           8%         N/A       28%         4
 Agony                    Necr           16%        N/A       63%         5


Dungeon Overview and Level Annotations

Branches:
Dungeon (2/15)

Altars:
Yredelemnul

Shops:
D:1 *


Innate Abilities, Weirdness & Mutations

You are immune to poison.
Your flesh is cold resistant. (rC+)
You are immune to negative energy. (rN+++)
You are immune to unholy pain and torment.
You are vulnerable to heat. (rF-)
You do not drink.


Message History

You draw life force from the goblin!
You kill the goblin!
You feel life coursing into your body.
A worm is nearby!
You start resting.
A worm is nearby!
You hit the worm.
The worm is lightly wounded.
The worm barely misses you.
You hit the worm.
The worm is lightly wounded.
The worm closely misses you.
You hit the worm but do no damage.
The worm is lightly wounded.
The worm bites you!
You hit the worm.
The worm is moderately wounded.
You completely miss the worm.
The worm is moderately wounded.
The worm bites you but does no damage.
You hit the worm but do no damage.
The worm is lightly wounded.
The worm closely misses you.
You hit the worm.
The worm is moderately wounded.
The worm barely misses you.
You hit the worm.
The worm is moderately wounded.
You completely miss the worm.
The worm is moderately wounded.
The worm bites you.
* * * LOW HITPOINT WARNING * * *
You completely miss the worm.
The worm is moderately wounded.
The worm bites you.
* * * LOW HITPOINT WARNING * * *
You hit the worm.
The worm is moderately wounded.
The worm bites you.
You die...

#.# #.# ##..##.....#
##.# #.# #.#.#.....#
#..# #.# #.##.##)###
#.## #.# #.##.##.# #.#
#.# #.##.##.##### #.#
#.####...........# #.#
#.........##.###.# #.#
#..##.w...##.# #.######
#.# #.!#..@...##.#
#....... #.#
#...<........# ########
#.#
##.#......#.###########
#.#
#.##..................
#.#
#.###...#..###########
#.# #.# #..###......#
#.## #.###...#..####.#
#..# ###.........##
#.###### ##.#
#..........## #....<..


You could see a worm.

Vanquished Creatures
  An adder (D:2)
  A dart slug (D:2)
  A ball python (D:1)
  5 bats
  2 endoplasms (D:1)
  3 giant cockroaches (D:1)
  4 goblins
  6 hobgoblins
  3 kobolds
  5 quokkas
  2 frilled lizards
  5 rats (D:1)
38 creatures vanquished.

Notes
Turn   | Place    | Note
-------+----------+-------------------------------------------
     0 | D:1      | AttackTheMoon the Mummy Necromancer began the quest for the
                  | Orb.
     0 | D:1      | Reached XP level 1. HP: 13/13 MP: 4/4
   249 | D:1      | Found Qegegycs's General Store.
   547 | D:1      | Reached XP level 2. HP: 20/20 MP: 4/6
   701 | D:1      | Reached skill level 1 in Fighting
  1735 | D:2      | Found a basalt altar of Yredelemnul.
  1741 | D:2      | Reached XP level 3. HP: 25/26 MP: 3/7
  1782 | D:2      | Learned a level 3 spell: Vampiric Draining
  2533 | D:2      | Slain by a worm

Illustrated notes

Levels and vault maps discovered:
D:1:      dpeg_arrival_round_a, layout_basic, serial_co_window_serial,
          co_window_of_opportunity_a, co_window_paths_b, co_window_paths_b,
          co_window_of_opportunity_a, co_window_paths_a, co_window_2corner,
          co_window_broadway_b, co_window_corner_ca, co_window_corner_b,
          co_window_corner_b, co_window_corner_ca, glass_columns_c,
          serial_shops, nicolae_square_shop
D:2:      layout_loops_ring, basic_altar, hellmonk_ecumenical_altar_dog_temple,
          minmay_distorted

Skill      XL: |  1  2 |
---------------+-------+-----
Spellcasting   | 3 |  3.7
Fighting       | 1 |  1.7
Dodging        | |  1.5
Stealth        | |  1.5
Necromancy     | |  4.4

Action                   || total
-------------------------++-------
Melee: Unarmed           ||     4
       Club              ||    47
 Cast: Pain              ||    63
       Vampiric Draining ||     1
  Use: Scroll            ||     4
Armor: Robe              ||    14
Dodge: Dodged            ||    50

Table legend: (Time is in decaauts)
 A = Elapsed time spent in this place.
 B = Non-inter-level travel time spent in this place.
 C = Inter-level travel time spent in this place.
 D = Time resting spent in this place.
 E = Time spent auto-exploring this place.
 F = Levels seen in this place.
 G = Mean time per level.
                   A        B        C        D        E       F      G
               +--------+--------+--------+--------+--------+-----+--------+
         Total |   2546 |   2505 |     41 |    346 |   1799 |   2 | 1273.0 |
       Dungeon |   2546 |   2505 |     41 |    346 |   1799 |   2 | 1273.0 |
               +--------+--------+--------+--------+--------+-----+--------+

Top non-repeatable levels by time:
     D:1: 1734 daAuts
     D:2: 811 daAuts
